| Goals | Penalties |
1. Canucks , Dylan Duke 9 (Jesse Puljujarvi 14) at 14:15
|
Dylan Duke (VAN) for Tripping (Minor) at 14:30
|
2. Reign , Ivan Demidov 6 (Nikolas Matinpalo 10, Vinnie Hinostroza 14) at 16:05
|
Austin Watson (VAN) for Cross-checking (Minor) at 2:11 Vinnie Hinostroza (LOS) for Fighting (Major) at 16:10 Nils Aman (VAN) for Fighting (Major) at 16:10
|
3. Reign , Pavol Regenda 8 (Tim Washe 6) at 0:04
4. Reign , Tim Washe 4 (Marc Gatcomb 15) at 8:50
5. Canucks , Jesse Puljujarvi 18 (Nils Aman 18) at 9:16 (PP)
6. Reign , Marc Gatcomb 3 (Braeden Bowman 1, Danil Gushchin 5) at 9:45
7. Canucks , Austin Watson 8 (Jesse Puljujarvi 15, Carl Lindbom) at 10:01 (PP)
8. Reign , Vinnie Hinostroza 14 (Oliver Kylington 6) at 19:39 (Empty Net)
|
Ivan Demidov (LOS) for Delaying the game (Minor) at 9:15 Ivan Demidov (LOS) for Hooking (Minor) at 9:52
|
|
Cayden Primeau (VAN), 11 saves from 15 shots - (0,733), L, 11-7-1, 49:45 minutes Carl Lindbom (VAN), 2 saves from 2 shots - (1,000), 9:39 minutes
Jet Greaves (LOS), 32 saves from 35 shots - (0,914), W, 3-4-0, 60:00 minutes
|
|
1 - Marc Gatcomb (LOS)
2 - Tim Washe (LOS)
3 - Nikolas Matinpalo (LOS)
|
Referees : Brandon Schrader and Amanda Tassoni
Linesman : Shawn Oliver and Jessica Chartrand
|
|
Nils Aman beats up Vinnie Hinostroza at 16:10 of 2nd period
Carl Lindbom enters game at 9:45 of 3rd period
Vinnie Hinostroza has scored in a empty net!
|
| Team Name |
Goals |
Shots |
Shots Attemp |
Shots Blocked |
PIM |
HIT |
PP |
PK |
FO% |
| Canucks |
3 | 35 | 72 | 4 | 9 | 18 | 2 / 2 (100%) | 0 | 47% |
| Reign |
5 | 18 | 30 | 18 | 9 | 18 | 0 / 2 (0%) | 2 | 53% |
Canucks
| Player Name |
POS |
G |
A |
P |
+/- |
PIM |
HIT |
SHT |
SB |
MP |
PP MP |
PP SHT |
PK MP |
PK SHT |
FO% |
FOT |
GA |
TA |
| Andreas Athanasiou | C/RW | 0 | 0 | 0 | -1 | 0 | 1 | 1 | 1 | 18:11 | 0:00 | 0 | 1:36 | 0 | 38% |
13 | 0 | 1 |
| Anton Blidh | LW | 0 | 0 | 0 | 0 | 0 | 1 | 3 | 0 | 15:06 | 0:00 | 0 | 1:10 | 0 | 100% |
1 | 0 | 1 |
| Austin Watson | LW | 1 | 0 | 1 | -2 | 2 | 1 | 6 | 0 | 20:15 | 0:10 | 1 | 0:32 | 0 | 0% |
0 | 2 | 1 |
| Brogan Rafferty | D | 0 | 0 | 0 | -2 | 0 | 1 | 2 | 0 | 23:40 | 0:10 | 0 | 1:05 | 0 | 0% |
0 | 0 | 0 |
| Dawson Barteaux | D | 0 | 0 | 0 | 0 | 0 | 0 | 0 | 0 | 5:21 | 0:00 | 0 | 0:35 | 0 | 0% |
0 | 0 | 0 |
| Dylan Duke | LW | 1 | 0 | 1 | -1 | 2 | 0 | 1 | 0 | 16:53 | 0:00 | 0 | 0:57 | 0 | 0% |
0 | 1 | 0 |
| Jesse Puljujarvi | RW | 1 | 2 | 3 | -3 | 0 | 1 | 4 | 0 | 24:10 | 0:10 | 1 | 1:00 | 0 | 0% |
1 | 2 | 0 |
| John Stevens | C | 0 | 0 | 0 | -1 | 0 | 0 | 0 | 0 | 8:25 | 0:00 | 0 | 0:32 | 0 | 0% |
1 | 0 | 0 |
| Max Szuber | D | 0 | 0 | 0 | 0 | 0 | 2 | 0 | 0 | 18:51 | 0:00 | 0 | 2:18 | 0 | 0% |
0 | 0 | 1 |
| Max Wanner | D | 0 | 0 | 0 | -2 | 0 | 0 | 1 | 0 | 13:01 | 0:00 | 0 | 0:35 | 0 | 0% |
0 | 0 | 0 |
| Michael Benning | D | 0 | 0 | 0 | 0 | 0 | 0 | 0 | 0 | 18:51 | 0:00 | 0 | 2:18 | 0 | 0% |
0 | 0 | 0 |
| Nils Aman | C/LW/RW | 0 | 1 | 1 | -1 | 5 | 2 | 3 | 1 | 18:50 | 0:10 | 0 | 1:00 | 0 | 64% |
22 | 2 | 1 |
| Oliver Kapanen | C | 0 | 0 | 0 | 0 | 0 | 1 | 2 | 0 | 14:13 | 0:00 | 0 | 0:00 | 0 | 17% |
6 | 0 | 0 |
| Oliver Okuliar | LW | 0 | 0 | 0 | -1 | 0 | 1 | 0 | 0 | 8:03 | 0:00 | 0 | 1:09 | 0 | 0% |
0 | 0 | 0 |
| Olle Lycksell | RW | 0 | 0 | 0 | -1 | 0 | 3 | 5 | 0 | 16:39 | 0:00 | 0 | 0:00 | 0 | 0% |
0 | 0 | 1 |
| Patrik Koch | D | 0 | 0 | 0 | -2 | 0 | 1 | 0 | 0 | 12:26 | 0:00 | 0 | 0:00 | 0 | 0% |
0 | 0 | 0 |
| Torey Krug | D | 0 | 0 | 0 | -2 | 0 | 2 | 3 | 2 | 27:50 | 0:10 | 0 | 1:05 | 0 | 0% |
0 | 0 | 1 |
| Will Lockwood | RW | 0 | 0 | 0 | -1 | 0 | 1 | 4 | 0 | 15:14 | 0:00 | 0 | 0:00 | 0 | 40% |
5 | 0 | 0 |
Reign
| Player Name |
POS |
G |
A |
P |
+/- |
PIM |
HIT |
SHT |
SB |
MP |
PP MP |
PP SHT |
PK MP |
PK SHT |
FO% |
FOT |
GA |
TA |
| Braeden Bowman | C/LW/RW | 0 | 1 | 1 | 1 | 0 | 3 | 1 | 1 | 18:31 | 1:56 | 0 | 0:00 | 0 | 0% |
1 | 0 | 1 |
| Cam McDonald | D | 0 | 0 | 0 | 0 | 0 | 0 | 0 | 2 | 15:19 | 0:53 | 0 | 0:00 | 0 | 0% |
0 | 0 | 0 |
| Danil Gushchin | LW | 0 | 1 | 1 | 1 | 0 | 1 | 3 | 0 | 18:22 | 1:56 | 0 | 0:00 | 0 | 0% |
0 | 1 | 0 |
| Ethan Samson | D | 0 | 0 | 0 | 0 | 0 | 1 | 0 | 0 | 18:52 | 2:03 | 0 | 0:00 | 0 | 0% |
0 | 0 | 1 |
| Hardy Häman Aktell | D | 0 | 0 | 0 | 0 | 0 | 4 | 0 | 3 | 18:59 | 2:03 | 0 | 0:00 | 0 | 0% |
0 | 0 | 0 |
| Ivan Demidov | RW | 1 | 0 | 1 | 1 | 4 | 0 | 2 | 0 | 23:26 | 1:01 | 0 | 0:00 | 0 | 0% |
0 | 2 | 0 |
| Jackson Dorrington | D | 0 | 0 | 0 | 0 | 0 | 1 | 0 | 5 | 15:13 | 0:38 | 0 | 0:00 | 0 | 0% |
0 | 0 | 1 |
| Jan Jenik | C | 0 | 0 | 0 | 1 | 0 | 0 | 1 | 0 | 8:52 | 0:39 | 0 | 0:00 | 0 | 0% |
0 | 0 | 0 |
| Jared Davidson | C | 0 | 0 | 0 | 1 | 0 | 0 | 0 | 0 | 13:26 | 0:52 | 0 | 0:00 | 0 | 63% |
8 | 1 | 0 |
| Marc Gatcomb | C | 1 | 1 | 2 | 2 | 0 | 4 | 2 | 1 | 22:46 | 1:55 | 0 | 0:10 | 0 | 45% |
11 | 1 | 0 |
| Nikolas Matinpalo | D | 0 | 1 | 1 | 4 | 0 | 1 | 2 | 2 | 25:34 | 1:11 | 0 | 0:10 | 0 | 0% |
0 | 0 | 0 |
| Oliver Kylington | D | 0 | 1 | 1 | 4 | 0 | 0 | 0 | 2 | 25:48 | 1:17 | 0 | 0:10 | 0 | 0% |
0 | 0 | 1 |
| Pavol Regenda | LW | 1 | 0 | 1 | 1 | 0 | 2 | 1 | 1 | 23:17 | 1:01 | 0 | 0:00 | 0 | 0% |
0 | 0 | 0 |
| Rodrigo Abols | C | 0 | 0 | 0 | -1 | 0 | 0 | 0 | 0 | 10:36 | 0:00 | 0 | 0:00 | 0 | 100% |
2 | 1 | 0 |
| Ryan Tverberg | C | 0 | 0 | 0 | 0 | 0 | 0 | 0 | 0 | 1:28 | 0:33 | 0 | 0:00 | 0 | 0% |
0 | 0 | 0 |
| Sam Morton | C | 0 | 0 | 0 | 0 | 0 | 0 | 0 | 0 | 4:14 | 0:09 | 0 | 0:00 | 0 | 100% |
1 | 0 | 0 |
| Tim Washe | C | 1 | 1 | 2 | 3 | 0 | 0 | 2 | 1 | 13:04 | 0:42 | 0 | 0:00 | 0 | 60% |
5 | 0 | 0 |
| Vinnie Hinostroza | C/RW | 1 | 1 | 2 | 2 | 5 | 1 | 4 | 0 | 22:00 | 1:01 | 0 | 0:10 | 0 | 48% |
21 | 1 | 3 |
Canucks
| 5 vs 5 Forward |
|---|
| Line # | Left Wing | Center | Right Wing | PHY | DF | OF | Wanted % | Time % | Time Play |
| 1 | Austin Watson | Nils Aman | Jesse Puljujarvi | 1 | 2 | 2 | 40 | 34% | 18:27
|
| 2 | Dylan Duke | Andreas Athanasiou | Olle Lycksell | 1 | 2 | 2 | 30 | 29% | 16:11
|
| 3 | Anton Blidh | Oliver Kapanen | Will Lockwood | 1 | 2 | 2 | 20 | 25% | 13:32
|
| 4 | Oliver Okuliar | John Stevens | Jesse Puljujarvi | 1 | 2 | 2 | 10 | 12% | 6:47
|
| 5 vs 5 Defense |
|---|
| Line # | Defense | Defense | | PHY | DF | OF | Wanted % | Time % | Time Play |
| 1 | Torey Krug | Brogan Rafferty | | 1 | 2 | 2 | 40 | 39% | 21:30
|
| 2 | Max Szuber | Michael Benning | | 1 | 2 | 2 | 30 | 30% | 16:33
|
| 3 | Patrik Koch | Max Wanner | | 1 | 2 | 2 | 20 | 23% | 12:26
|
| 4 | Dawson Barteaux | Torey Krug | | 1 | 2 | 2 | 10 | 8% | 4:28
|
| Power Play Forward |
|---|
| Line # | Left Wing | Center | Right Wing | PHY | DF | OF | Wanted % | Time % | Time Play |
| 1 | Austin Watson | Nils Aman | Jesse Puljujarvi | 1 | 2 | 2 | 60 | 100% | 0:10
|
| 2 | Dylan Duke | Andreas Athanasiou | Olle Lycksell | 1 | 2 | 2 | 40 | 0% | 0:00
|
| Power Play Defense |
|---|
| Line # | Defense | Defense | | PHY | DF | OF | Wanted % | Time % | Time Play |
| 1 | Torey Krug | Brogan Rafferty | | 1 | 2 | 2 | 60 | 100% | 0:10
|
| 2 | Max Szuber | Michael Benning | | 1 | 2 | 2 | 40 | 0% | 0:00
|
| Penalty Kill 4 Players Forward |
|---|
| Line # | Center | Wing | PHY | DF | OF | Wanted % | Time % | Time Play |
| 1 | Jesse Puljujarvi | Nils Aman | 1 | 2 | 2 | 60 | 78% | 3:06
|
| 2 | Austin Watson | Andreas Athanasiou | 1 | 2 | 2 | 40 | 22% | 0:52
|
| Penalty Kill 4 Players Defense |
|---|
| Line # | Defense | Defense | PHY | DF | OF | Wanted % | Time % | Time Play |
| 1 | Torey Krug | Brogan Rafferty | 1 | 2 | 2 | 60 | 27% | 1:05
|
| 2 | Max Szuber | Michael Benning | 1 | 2 | 2 | 40 | 73% | 2:53
|
| Penalty Kill 3 Players |
|---|
| Line # | Wing | PHY | DF | OF | Wanted % | Time % | Time Play | Defense | Defense | PHY | DF | OF | Wanted % | Time % | Time Play |
| 1 | Jesse Puljujarvi | 1 | 2 | 2 | 60 | 0% | 0:00
| Torey Krug | Brogan Rafferty | 1 | 2 | 2 | 60 | 0% | 0:00
|
| 2 | Nils Aman | 1 | 2 | 2 | 40 | 0% | 0:00
| Max Szuber | Michael Benning | 1 | 2 | 2 | 40 | 0% | 0:00
|
| 4 vs 4 Forward |
|---|
| Line # | Center | Wing | PHY | DF | OF | Wanted % | Time % | Time Play |
| 1 | Jesse Puljujarvi | Nils Aman | 1 | 2 | 2 | 60 | 0% | 0:00
|
| 2 | Austin Watson | Andreas Athanasiou | 1 | 2 | 2 | 40 | 0% | 0:00
|
| 4 vs 4 Defense |
|---|
| Line # | Defense | | PHY | DF | OF | Wanted % | Time % | Time Play |
| 1 | Torey Krug | Brogan Rafferty | 1 | 2 | 2 | 60 | 0% | 0:00
|
| 2 | Max Szuber | Michael Benning | 1 | 2 | 2 | 40 | 0% | 0:00
|
| Last Minutes Offensive |
|---|
| Left Wing | Center | Right Wing | Defense | Defense |
| Austin Watson | Nils Aman | Jesse Puljujarvi | Torey Krug | Brogan Rafferty |
| Last Minutes Defensive |
|---|
| Left Wing | Center | Right Wing | Defense | Defense |
| Austin Watson | Nils Aman | Jesse Puljujarvi | Torey Krug | Brogan Rafferty |
| Time |
|---|
| Total Forward | Total Defense | Last Minutes Offensive | Last Minutes Defensive |
| 60:00 |
60:00 |
0:55 | 0:00 |
| Extra Forwards |
|---|
| Normal | PowerPlay | Penalty Kill |
|
Will Lockwood, Oliver Kapanen, Anton Blidh | Will Lockwood, Oliver Kapanen | Anton Blidh |
| Extra Defensemen |
|---|
| Normal | PowerPlay | Penalty Kill |
|
Patrik Koch, Max Wanner, Dawson Barteaux | Patrik Koch, Max Wanner | Dawson Barteaux |
| Penalty Shots |
|---|
|
Jesse Puljujarvi, Nils Aman, Austin Watson, Andreas Athanasiou, Olle Lycksell |
| Goalie |
|---|
| Cayden Primeau, Carl Lindbom |
| Scratches |
|---|
|
Alexis Gendron (Healthy), Daylan Kuefler (Healthy), Gabriel Dumont (Healthy), Will MacKinnon (Healthy), Will Zmolek (Healthy)
Jackson Edward (Healthy), Kaleb Lawrence (Healthy), Marc-Andre Gaudet (Healthy), Max Dorrington (Healthy), Nicolas Mattinen (Healthy)
Will Dineen (Healthy), Peter DiLiberatore (Healthy), Max Willman (Healthy), Damian Clara (Healthy), Will Cranley (Healthy) |
Reign
| 5 vs 5 Forward |
|---|
| Line # | Left Wing | Center | Right Wing | PHY | DF | OF | Wanted % | Time % | Time Play |
| 1 | Pavol Regenda | Vinnie Hinostroza | Ivan Demidov | 1 | 2 | 2 | 40 | 28% | 15:12
|
| 2 | Danil Gushchin | Marc Gatcomb | Braeden Bowman | 1 | 2 | 2 | 30 | 32% | 17:36
|
| 3 | Vinnie Hinostroza | Jared Davidson | Marc Gatcomb | 1 | 2 | 2 | 20 | 21% | 11:36
|
| 4 | Ivan Demidov | Rodrigo Abols | Pavol Regenda | 1 | 2 | 2 | 10 | 19% | 10:36
|
| 5 vs 5 Defense |
|---|
| Line # | Defense | Defense | | PHY | DF | OF | Wanted % | Time % | Time Play |
| 1 | Oliver Kylington | Nikolas Matinpalo | | 1 | 2 | 2 | 40 | 38% | 21:05
|
| 2 | Hardy Häman Aktell | Ethan Samson | | 1 | 2 | 2 | 30 | 30% | 16:35
|
| 3 | Jackson Dorrington | Cam McDonald | | 1 | 2 | 2 | 20 | 25% | 13:52
|
| 4 | Oliver Kylington | Nikolas Matinpalo | | 1 | 2 | 2 | 10 | 6% | 3:28
|
| Power Play Forward |
|---|
| Line # | Left Wing | Center | Right Wing | PHY | DF | OF | Wanted % | Time % | Time Play |
| 1 | Pavol Regenda | Vinnie Hinostroza | Ivan Demidov | 1 | 2 | 2 | 60 | 27% | 1:04
|
| 2 | Danil Gushchin | Marc Gatcomb | Braeden Bowman | 1 | 2 | 2 | 40 | 73% | 2:54
|
| Power Play Defense |
|---|
| Line # | Defense | Defense | | PHY | DF | OF | Wanted % | Time % | Time Play |
| 1 | Oliver Kylington | Nikolas Matinpalo | | 1 | 2 | 2 | 60 | 48% | 1:55
|
| 2 | Hardy Häman Aktell | Ethan Samson | | 1 | 2 | 2 | 40 | 52% | 2:03
|
| Penalty Kill 4 Players Forward |
|---|
| Line # | Center | Wing | PHY | DF | OF | Wanted % | Time % | Time Play |
| 1 | Vinnie Hinostroza | Marc Gatcomb | 1 | 2 | 2 | 60 | 100% | 0:10
|
| 2 | Ivan Demidov | Pavol Regenda | 1 | 2 | 2 | 40 | 0% | 0:00
|
| Penalty Kill 4 Players Defense |
|---|
| Line # | Defense | Defense | PHY | DF | OF | Wanted % | Time % | Time Play |
| 1 | Oliver Kylington | Nikolas Matinpalo | 1 | 2 | 2 | 60 | 100% | 0:10
|
| 2 | Hardy Häman Aktell | Ethan Samson | 1 | 2 | 2 | 40 | 0% | 0:00
|
| Penalty Kill 3 Players |
|---|
| Line # | Wing | PHY | DF | OF | Wanted % | Time % | Time Play | Defense | Defense | PHY | DF | OF | Wanted % | Time % | Time Play |
| 1 | Vinnie Hinostroza | 1 | 2 | 2 | 60 | 0% | 0:00
| Oliver Kylington | Nikolas Matinpalo | 1 | 2 | 2 | 60 | 0% | 0:00
|
| 2 | Marc Gatcomb | 1 | 2 | 2 | 40 | 0% | 0:00
| Hardy Häman Aktell | Ethan Samson | 1 | 2 | 2 | 40 | 0% | 0:00
|
| 4 vs 4 Forward |
|---|
| Line # | Center | Wing | PHY | DF | OF | Wanted % | Time % | Time Play |
| 1 | Vinnie Hinostroza | Marc Gatcomb | 1 | 2 | 2 | 60 | 0% | 0:00
|
| 2 | Ivan Demidov | Pavol Regenda | 1 | 2 | 2 | 40 | 0% | 0:00
|
| 4 vs 4 Defense |
|---|
| Line # | Defense | | PHY | DF | OF | Wanted % | Time % | Time Play |
| 1 | Oliver Kylington | Nikolas Matinpalo | 1 | 2 | 2 | 60 | 0% | 0:00
|
| 2 | Hardy Häman Aktell | Ethan Samson | 1 | 2 | 2 | 40 | 0% | 0:00
|
| Last Minutes Offensive |
|---|
| Left Wing | Center | Right Wing | Defense | Defense |
| Pavol Regenda | Vinnie Hinostroza | Ivan Demidov | Oliver Kylington | Nikolas Matinpalo |
| Last Minutes Defensive |
|---|
| Left Wing | Center | Right Wing | Defense | Defense |
| Pavol Regenda | Vinnie Hinostroza | Ivan Demidov | Oliver Kylington | Nikolas Matinpalo |
| Time |
|---|
| Total Forward | Total Defense | Last Minutes Offensive | Last Minutes Defensive |
| 60:00 |
60:00 |
0:00 | 0:52 |
| Extra Forwards |
|---|
| Normal | PowerPlay | Penalty Kill |
|
Tim Washe, Jan Jenik, Sam Morton | Tim Washe, Jan Jenik | Sam Morton |
| Extra Defensemen |
|---|
| Normal | PowerPlay | Penalty Kill |
|
Jackson Dorrington, Cam McDonald, Hardy Häman Aktell | Jackson Dorrington, Cam McDonald | Hardy Häman Aktell |
| Penalty Shots |
|---|
|
Vinnie Hinostroza, Marc Gatcomb, Ivan Demidov, Pavol Regenda, Jared Davidson |
| Goalie |
|---|
| Jet Greaves, Connor Ingram |
| Scratches |
|---|
|
Carter Mazur (Healthy), Dylan Wendt (Healthy), Gannon Laroque (Healthy), James Malatesta (Healthy), Skyler Brind'Amour (Healthy)
Viktor Neuchev (Healthy), Brady Stonehouse (Healthy), Dylan Peterson (Healthy), Emmitt Finnie (Healthy), Gabriel Szturc (Healthy)
Gleb Veremyev (Healthy), Kai Uchacz (Healthy), Milo Roelens (Healthy), Sam Lipkin (Healthy), Samuel Laberge (Healthy)
Parker Ford (Healthy), Nikita Tolopilo (Healthy), Sergei Murashov (Healthy), Calle Clang (Healthy), Vadim Zherenko (Healthy) |
Play-by-Play
1st period
0:01 of 1st period - Nils Aman wins face-off versus Vinnie Hinostroza in neutral zone.
0:27 of 1st period - Andreas Athanasiou is hit by Marc Gatcomb and loses puck.
0:34 of 1st period - Slapshot by Torey Krug.
0:34 of 1st period - Stopped by Jet Greaves without a rebound.
0:35 of 1st period - Jared Davidson wins face-off versus Oliver Kapanen in Reign zone.
1:54 of 1st period - Nils Aman is hit by Jackson Dorrington and loses puck.
3:00 of 1st period - Snap shot by Andreas Athanasiou.
3:00 of 1st period - Shot Blocked by Nikolas Matinpalo.
3:26 of 1st period - Snap shot by Rodrigo Abols.
3:26 of 1st period - Deflect By Jan Jenik.
3:26 of 1st period - Stopped by Cayden Primeau with a rebound.
3:42 of 1st period - Dylan Duke is hit by Hardy Häman Aktell and loses puck.
3:47 of 1st period - Snap shot by Danil Gushchin.
3:47 of 1st period - Stopped by Cayden Primeau with a rebound.
5:16 of 1st period - Vinnie Hinostroza is hit by Olle Lycksell and loses puck.
6:43 of 1st period - Icing by John Stevens.
6:44 of 1st period - Vinnie Hinostroza wins face-off versus John Stevens in Canucks zone.
6:58 of 1st period - Icing by Austin Watson.
6:59 of 1st period - Rodrigo Abols wins face-off versus Oliver Kapanen in Canucks zone.
7:02 of 1st period - Snap shot by Ivan Demidov.
7:02 of 1st period - Stopped by Cayden Primeau with a rebound.
7:16 of 1st period - Snap shot by Danil Gushchin.
7:16 of 1st period - Shot Misses the Net.
7:29 of 1st period - Vinnie Hinostroza is hit by Anton Blidh and loses puck.
7:36 of 1st period - Slapshot by Oliver Kapanen.
7:36 of 1st period - Stopped by Jet Greaves without a rebound.
7:37 of 1st period - Marc Gatcomb wins face-off versus Nils Aman in Reign zone.
8:53 of 1st period - Jared Davidson is hit by Max Szuber and loses puck.
12:39 of 1st period - Snap shot by Austin Watson.
12:39 of 1st period - Stopped by Jet Greaves without a rebound.
12:40 of 1st period - Marc Gatcomb wins face-off versus Nils Aman in Reign zone.
12:47 of 1st period - Snap shot by Austin Watson.
12:47 of 1st period - Deflect By Nils Aman.
12:47 of 1st period - Shot Misses the Net.
12:47 of 1st period - Puck is out of play.
12:48 of 1st period - Marc Gatcomb wins face-off versus Nils Aman in Reign zone.
12:48 of 1st period - Marc Gatcomb is hit by Austin Watson.
14:15 of 1st period - Wrist shot by Dylan Duke.
14:15 of 1st period - Goal by Dylan Duke - Canucks : 1 - Reign : 0.
14:16 of 1st period - Vinnie Hinostroza wins face-off versus Andreas Athanasiou in neutral zone.
14:21 of 1st period - Wrist shot by Vinnie Hinostroza.
14:21 of 1st period - Stopped by Cayden Primeau with a rebound.
14:23 of 1st period - Slapshot by Vinnie Hinostroza.
14:23 of 1st period - Stopped by Cayden Primeau with a rebound.
14:25 of 1st period - Snap shot by Nikolas Matinpalo.
14:25 of 1st period - Stopped by Cayden Primeau without a rebound.
14:26 of 1st period - Vinnie Hinostroza wins face-off versus Andreas Athanasiou in Canucks zone.
14:30 of 1st period - Minor Penalty to Dylan Duke for Tripping.
14:31 of 1st period - Vinnie Hinostroza wins face-off versus Jesse Puljujarvi in Canucks zone.
14:43 of 1st period - Slapshot by Ivan Demidov.
14:43 of 1st period - Shot Misses the Net.
14:45 of 1st period - Wrist shot by Ivan Demidov.
14:45 of 1st period - Shot Blocked by Torey Krug.
14:47 of 1st period - Wrist shot by Oliver Kylington.
14:47 of 1st period - Shot Blocked by Nils Aman.
15:21 of 1st period - Nils Aman is hit by Braeden Bowman and loses puck.
15:44 of 1st period - Max Szuber is hit by Pavol Regenda and loses puck.
16:30 of 1st period - Penalty to Dylan Duke is over, Dylan Duke is back on ice.
16:42 of 1st period - Olle Lycksell is hit by Nikolas Matinpalo and loses puck.
17:54 of 1st period - Ethan Samson is hit by Jesse Puljujarvi and loses puck.
18:09 of 1st period - Snap shot by Will Lockwood.
18:09 of 1st period - Shot Misses the Net.
18:11 of 1st period - Snap shot by Anton Blidh.
18:11 of 1st period - Stopped by Jet Greaves without a rebound.
18:12 of 1st period - Oliver Kapanen wins face-off versus Jared Davidson in Reign zone.
18:13 of 1st period - Snap shot by Anton Blidh.
18:13 of 1st period - Deflect By Oliver Kapanen.
18:13 of 1st period - Stopped by Jet Greaves without a rebound.
18:14 of 1st period - Jared Davidson wins face-off versus Oliver Kapanen in Reign zone.
18:25 of 1st period - Max Szuber is hit by Vinnie Hinostroza and loses puck.
18:38 of 1st period - Wrist shot by Nils Aman.
18:38 of 1st period - Shot Misses the Net.
18:52 of 1st period - Braeden Bowman is hit by Torey Krug and loses puck.
19:01 of 1st period - Snap shot by Olle Lycksell.
19:01 of 1st period - Shot Blocked by Braeden Bowman.
Goals for this period are 1 for Canucks vs 0 for Reign.
Shots for this period are 6 for Canucks vs 6 for Reign.
2nd period
0:01 of 2nd period - Vinnie Hinostroza wins face-off versus Nils Aman in neutral zone.
0:08 of 2nd period - Off-side.
0:09 of 2nd period - Nils Aman wins face-off versus Vinnie Hinostroza in neutral zone.
1:36 of 2nd period - Wrist shot by Ivan Demidov.
1:36 of 2nd period - Shot Misses the Net.
1:58 of 2nd period - Snap shot by Vinnie Hinostroza.
1:58 of 2nd period - Shot Misses the Net.
2:11 of 2nd period - Minor Penalty to Austin Watson for Cross-checking.
2:12 of 2nd period - Anton Blidh wins face-off versus Marc Gatcomb in Canucks zone.
2:12 of 2nd period - Anton Blidh is hit by Marc Gatcomb.
2:57 of 2nd period - Andreas Athanasiou is hit by Hardy Häman Aktell and loses puck.
4:11 of 2nd period - Penalty to Austin Watson is over, Austin Watson is back on ice.
7:19 of 2nd period - Cam McDonald is hit by Oliver Okuliar and loses puck.
9:50 of 2nd period - Nikolas Matinpalo is hit by Nils Aman and loses puck.
10:13 of 2nd period - Max Szuber is hit by Hardy Häman Aktell and loses puck.
11:18 of 2nd period - Icing by John Stevens.
11:19 of 2nd period - Nils Aman wins face-off versus Jared Davidson in Canucks zone.
11:26 of 2nd period - Wrist shot by Nils Aman.
11:26 of 2nd period - Shot Misses the Net.
11:28 of 2nd period - Slapshot by Nils Aman.
11:28 of 2nd period - Shot Blocked by Marc Gatcomb.
11:30 of 2nd period - Snap shot by Brogan Rafferty.
11:30 of 2nd period - Shot Misses the Net.
12:20 of 2nd period - Wrist shot by Tim Washe.
12:20 of 2nd period - Stopped by Cayden Primeau with a rebound.
12:49 of 2nd period - Will Lockwood is hit by Hardy Häman Aktell and loses puck.
13:22 of 2nd period - Torey Krug is hit by Marc Gatcomb and loses puck.
13:49 of 2nd period - Max Szuber is hit by Braeden Bowman and loses puck.
14:16 of 2nd period - Wrist shot by Olle Lycksell.
14:16 of 2nd period - Stopped by Jet Greaves without a rebound.
14:17 of 2nd period - Rodrigo Abols wins face-off versus Andreas Athanasiou in Reign zone.
14:26 of 2nd period - Snap shot by Olle Lycksell.
14:26 of 2nd period - Shot Misses the Net.
14:28 of 2nd period - Snap shot by Dawson Barteaux.
14:28 of 2nd period - Shot Blocked by Hardy Häman Aktell.
14:30 of 2nd period - Slapshot by Torey Krug.
14:30 of 2nd period - Deflect By Olle Lycksell.
14:30 of 2nd period - Stopped by Jet Greaves without a rebound.
14:31 of 2nd period - Vinnie Hinostroza wins face-off versus Andreas Athanasiou in Reign zone.
14:31 of 2nd period - Vinnie Hinostroza is hit by Olle Lycksell.
14:56 of 2nd period - Torey Krug is hit by Danil Gushchin and loses puck.
15:29 of 2nd period - Wrist shot by Jesse Puljujarvi.
15:29 of 2nd period - Shot Misses the Net.
15:45 of 2nd period - Snap shot by Andreas Athanasiou.
15:45 of 2nd period - Stopped by Jet Greaves with a rebound.
15:47 of 2nd period - Slapshot by Max Wanner.
15:47 of 2nd period - Stopped by Jet Greaves with a rebound.
15:51 of 2nd period - Wrist shot by Dylan Duke.
15:51 of 2nd period - Deflect By Olle Lycksell.
15:51 of 2nd period - Shot Blocked by Hardy Häman Aktell.
15:51 of 2nd period - Puck is out of play.
15:52 of 2nd period - Andreas Athanasiou wins face-off versus Vinnie Hinostroza in Reign zone.
16:03 of 2nd period - Snap shot by Vinnie Hinostroza.
16:03 of 2nd period - Stopped by Cayden Primeau with a rebound.
16:05 of 2nd period - Slapshot by Nikolas Matinpalo.
16:05 of 2nd period - Deflect By Ivan Demidov.
16:05 of 2nd period - Goal by Ivan Demidov - Canucks : 1 - Reign : 1.
16:06 of 2nd period - Nils Aman wins face-off versus Vinnie Hinostroza in neutral zone.
16:10 of 2nd period - Nils Aman beats up Vinnie Hinostroza.
16:10 of 2nd period - Penalty to Vinnie Hinostroza for Fighting.
16:10 of 2nd period - Penalty to Nils Aman for Fighting.
16:11 of 2nd period - Will Lockwood wins face-off versus Tim Washe in Reign zone.
16:14 of 2nd period - Wrist shot by Austin Watson.
16:14 of 2nd period - Stopped by Jet Greaves with a rebound.
16:24 of 2nd period - Snap shot by Pavol Regenda.
16:24 of 2nd period - Deflect By Tim Washe.
16:24 of 2nd period - Shot Misses the Net.
16:24 of 2nd period - Puck is out of play.
16:25 of 2nd period - Tim Washe wins face-off versus Will Lockwood in Canucks zone.
16:55 of 2nd period - Wrist shot by Marc Gatcomb.
16:55 of 2nd period - Stopped by Cayden Primeau without a rebound.
16:56 of 2nd period - Andreas Athanasiou wins face-off versus Marc Gatcomb in Canucks zone.
16:56 of 2nd period - Andreas Athanasiou is hit by Marc Gatcomb.
17:10 of 2nd period - Dylan Duke is hit by Braeden Bowman and loses puck.
17:17 of 2nd period - Snap shot by Danil Gushchin.
17:17 of 2nd period - Deflect By Marc Gatcomb.
17:17 of 2nd period - Shot Blocked by Andreas Athanasiou.
17:17 of 2nd period - Puck is out of play.
17:18 of 2nd period - Will Lockwood wins face-off versus Tim Washe in Canucks zone.
17:27 of 2nd period - Slapshot by Jesse Puljujarvi.
17:27 of 2nd period - Stopped by Jet Greaves with a rebound.
17:29 of 2nd period - Slapshot by Torey Krug.
17:29 of 2nd period - Shot Hit the Post.
17:31 of 2nd period - Slapshot by Austin Watson.
17:31 of 2nd period - Shot Blocked by Cam McDonald.
17:33 of 2nd period - Slapshot by Brogan Rafferty.
17:33 of 2nd period - Stopped by Jet Greaves with a rebound.
17:50 of 2nd period - Snap shot by Andreas Athanasiou.
17:50 of 2nd period - Shot Blocked by Jackson Dorrington.
19:03 of 2nd period - Jan Jenik is hit by Will Lockwood.
19:29 of 2nd period - Ivan Demidov is hit by Brogan Rafferty and loses puck.
Goals for this period are 0 for Canucks vs 1 for Reign.
Shots for this period are 7 for Canucks vs 4 for Reign.
3rd period
0:01 of 3rd period - Tim Washe wins face-off versus Will Lockwood in neutral zone.
0:04 of 3rd period - Snap shot by Pavol Regenda.
0:04 of 3rd period - Goal by Pavol Regenda - Canucks : 1 - Reign : 2.
0:05 of 3rd period - Tim Washe wins face-off versus Will Lockwood in neutral zone.
1:45 of 3rd period - Slapshot by Danil Gushchin.
1:45 of 3rd period - Stopped by Cayden Primeau with a rebound.
2:19 of 3rd period - Snap shot by Olle Lycksell.
2:19 of 3rd period - Stopped by Jet Greaves without a rebound.
2:20 of 3rd period - Andreas Athanasiou wins face-off versus Jared Davidson in Reign zone.
2:51 of 3rd period - Snap shot by Will Lockwood.
2:51 of 3rd period - Shot Misses the Net.
2:53 of 3rd period - Snap shot by Max Wanner.
2:53 of 3rd period - Shot Blocked by Jackson Dorrington.
2:55 of 3rd period - Snap shot by Oliver Kapanen.
2:55 of 3rd period - Shot Misses the Net.
3:19 of 3rd period - Snap shot by Danil Gushchin.
3:19 of 3rd period - Shot Misses the Net.
4:52 of 3rd period - Wrist shot by Olle Lycksell.
4:52 of 3rd period - Stopped by Jet Greaves with a rebound.
6:04 of 3rd period - Snap shot by Olle Lycksell.
6:04 of 3rd period - Shot Blocked by Tim Washe.
6:06 of 3rd period - Slapshot by John Stevens.
6:06 of 3rd period - Deflect By Olle Lycksell.
6:06 of 3rd period - Shot Blocked by Oliver Kylington.
6:06 of 3rd period - Puck is out of play.
6:07 of 3rd period - Marc Gatcomb wins face-off versus Oliver Kapanen in Reign zone.
6:12 of 3rd period - Snap shot by Anton Blidh.
6:12 of 3rd period - Shot Blocked by Jackson Dorrington.
6:14 of 3rd period - Wrist shot by Michael Benning.
6:14 of 3rd period - Shot Blocked by Cam McDonald.
6:17 of 3rd period - Icing by Cam McDonald.
6:18 of 3rd period - Nils Aman wins face-off versus Marc Gatcomb in Reign zone.
6:35 of 3rd period - Slapshot by Jesse Puljujarvi.
6:35 of 3rd period - Shot Misses the Net.
6:47 of 3rd period - Snap shot by Ivan Demidov.
6:47 of 3rd period - Shot Misses the Net.
6:55 of 3rd period - Wrist shot by Olle Lycksell.
6:55 of 3rd period - Shot Blocked by Jackson Dorrington.
7:05 of 3rd period - Slapshot by Will Lockwood.
7:05 of 3rd period - Stopped by Jet Greaves with a rebound.
7:07 of 3rd period - Backhand shot by Anton Blidh.
7:07 of 3rd period - Stopped by Jet Greaves with a rebound.
7:09 of 3rd period - Slapshot by Brogan Rafferty.
7:09 of 3rd period - Shot Misses the Net.
7:11 of 3rd period - Wrist shot by Anton Blidh.
7:11 of 3rd period - Deflect By Will Lockwood.
7:11 of 3rd period - Stopped by Jet Greaves with a rebound.
7:13 of 3rd period - Wrist shot by Will Lockwood.
7:13 of 3rd period - Stopped by Jet Greaves with a rebound.
7:15 of 3rd period - Wrist shot by Brogan Rafferty.
7:15 of 3rd period - Deflect By Cam McDonald.
7:15 of 3rd period - Stopped by Jet Greaves without a rebound.
7:16 of 3rd period - Nils Aman wins face-off versus Marc Gatcomb in Reign zone.
7:19 of 3rd period - Snap shot by Jesse Puljujarvi.
7:19 of 3rd period - Deflect By Austin Watson.
7:19 of 3rd period - Shot Misses the Net.
7:19 of 3rd period - Puck is out of play.
7:20 of 3rd period - Nils Aman wins face-off versus Marc Gatcomb in Reign zone.
7:26 of 3rd period - Wrist shot by Jesse Puljujarvi.
7:26 of 3rd period - Stopped by Jet Greaves with a rebound.
7:28 of 3rd period - Wrist shot by Torey Krug.
7:28 of 3rd period - Shot Blocked by Oliver Kylington.
7:30 of 3rd period - Backhand shot by Austin Watson.
7:30 of 3rd period - Shot Misses the Net.
7:32 of 3rd period - Wrist shot by Jesse Puljujarvi.
7:32 of 3rd period - Deflect By Austin Watson.
7:32 of 3rd period - Stopped by Jet Greaves without a rebound.
7:33 of 3rd period - Nils Aman wins face-off versus Vinnie Hinostroza in Reign zone.
7:42 of 3rd period - Wrist shot by Austin Watson.
7:42 of 3rd period - Shot Misses the Net.
7:44 of 3rd period - Snap shot by Nils Aman.
7:44 of 3rd period - Stopped by Jet Greaves with a rebound.
8:05 of 3rd period - Oliver Kylington is hit by Oliver Kapanen.
8:25 of 3rd period - Nikolas Matinpalo is hit by Andreas Athanasiou and loses puck.
8:50 of 3rd period - Wrist shot by Tim Washe.
8:50 of 3rd period - Goal by Tim Washe - Canucks : 1 - Reign : 3.
8:51 of 3rd period - Nils Aman wins face-off versus Braeden Bowman in neutral zone.
9:04 of 3rd period - Wrist shot by Austin Watson.
9:04 of 3rd period - Shot Blocked by Hardy Häman Aktell.
9:06 of 3rd period - Wrist shot by Nils Aman.
9:06 of 3rd period - Shot Misses the Net.
9:08 of 3rd period - Slapshot by Austin Watson.
9:08 of 3rd period - Stopped by Jet Greaves without a rebound.
9:09 of 3rd period - Andreas Athanasiou wins face-off versus Vinnie Hinostroza in Reign zone.
9:15 of 3rd period - Minor Penalty to Ivan Demidov for Delaying the game.
9:16 of 3rd period - Nils Aman wins face-off versus Vinnie Hinostroza in Reign zone.
9:16 of 3rd period - Wrist shot by Jesse Puljujarvi.
9:16 of 3rd period - Goal by Jesse Puljujarvi - Canucks : 2 - Reign : 3.
9:17 of 3rd period - Nils Aman wins face-off versus Vinnie Hinostroza in neutral zone.
9:20 of 3rd period - Pavol Regenda is hit by Nils Aman and loses puck.
9:33 of 3rd period - Wrist shot by Jesse Puljujarvi.
9:33 of 3rd period - Deflect By Austin Watson.
9:33 of 3rd period - Shot Blocked by Pavol Regenda.
9:33 of 3rd period - Puck is out of play.
9:34 of 3rd period - Andreas Athanasiou wins face-off versus Marc Gatcomb in Reign zone.
9:35 of 3rd period - Wrist shot by Dylan Duke.
9:35 of 3rd period - Shot Blocked by Nikolas Matinpalo.
9:41 of 3rd period - Snap shot by Danil Gushchin.
9:41 of 3rd period - Shot Misses the Net.
9:43 of 3rd period - Wrist shot by Braeden Bowman.
9:43 of 3rd period - Stopped by Cayden Primeau with a rebound.
9:45 of 3rd period - Slapshot by Marc Gatcomb.
9:45 of 3rd period - Goal by Marc Gatcomb - Canucks : 2 - Reign : 4.
9:45 of 3rd period - Carl Lindbom enters game.
9:46 of 3rd period - Nils Aman wins face-off versus Vinnie Hinostroza in neutral zone.
9:52 of 3rd period - Minor Penalty to Ivan Demidov for Hooking.
9:53 of 3rd period - Vinnie Hinostroza wins face-off versus Nils Aman in Reign zone.
10:01 of 3rd period - Wrist shot by Austin Watson.
10:01 of 3rd period - Goal by Austin Watson - Canucks : 3 - Reign : 4.
10:02 of 3rd period - Nils Aman wins face-off versus Vinnie Hinostroza in neutral zone.
10:02 of 3rd period - Nils Aman is hit by Pavol Regenda.
10:06 of 3rd period - Wrist shot by Torey Krug.
10:06 of 3rd period - Stopped by Jet Greaves without a rebound.
10:07 of 3rd period - Vinnie Hinostroza wins face-off versus Nils Aman in Reign zone.
10:16 of 3rd period - Snap shot by Vinnie Hinostroza.
10:16 of 3rd period - Shot Blocked by Torey Krug.
11:32 of 3rd period - Ethan Samson is hit by Olle Lycksell and loses puck.
13:31 of 3rd period - Wrist shot by Will Lockwood.
13:31 of 3rd period - Shot Blocked by Jackson Dorrington.
13:33 of 3rd period - Snap shot by Austin Watson.
13:33 of 3rd period - Deflect By Jared Davidson.
13:33 of 3rd period - Stopped by Jet Greaves without a rebound.
13:34 of 3rd period - Jared Davidson wins face-off versus Nils Aman in Reign zone.
14:04 of 3rd period - Backhand shot by Will Lockwood.
14:04 of 3rd period - Stopped by Jet Greaves without a rebound.
14:05 of 3rd period - Jared Davidson wins face-off versus Andreas Athanasiou in Reign zone.
14:11 of 3rd period - Nikolas Matinpalo is hit by Max Szuber and loses puck.
14:57 of 3rd period - Wrist shot by Jesse Puljujarvi.
14:57 of 3rd period - Stopped by Jet Greaves without a rebound.
14:58 of 3rd period - Vinnie Hinostroza wins face-off versus Andreas Athanasiou in Reign zone.
15:45 of 3rd period - Wrist shot by Olle Lycksell.
15:45 of 3rd period - Stopped by Jet Greaves with a rebound.
15:57 of 3rd period - Slapshot by Oliver Kapanen.
15:57 of 3rd period - Shot Misses the Net.
15:59 of 3rd period - Snap shot by Anton Blidh.
15:59 of 3rd period - Stopped by Jet Greaves without a rebound.
16:00 of 3rd period - Marc Gatcomb wins face-off versus Oliver Kapanen in Reign zone.
17:16 of 3rd period - Torey Krug is hit by Ethan Samson and loses puck.
17:31 of 3rd period - Hardy Häman Aktell is hit by Patrik Koch and loses puck.
18:15 of 3rd period - Icing by Brogan Rafferty.
18:16 of 3rd period - Sam Morton wins face-off versus Andreas Athanasiou in Canucks zone.
18:17 of 3rd period - Slapshot by Danil Gushchin.
18:17 of 3rd period - Stopped by Carl Lindbom with a rebound.
18:29 of 3rd period - Slapshot by Nikolas Matinpalo.
18:29 of 3rd period - Deflect By Brogan Rafferty.
18:29 of 3rd period - Stopped by Carl Lindbom with a rebound.
18:40 of 3rd period - Pavol Regenda is hit by Torey Krug and loses puck.
19:03 of 3rd period - Canucks, Carl Lindbom is pulled from the net.
19:05 of 3rd period - Snap shot by Austin Watson.
19:05 of 3rd period - Shot Misses the Net.
19:07 of 3rd period - Snap shot by Nils Aman.
19:07 of 3rd period - Shot Misses the Net.
19:09 of 3rd period - Wrist shot by Torey Krug.
19:09 of 3rd period - Stopped by Jet Greaves with a rebound.
19:27 of 3rd period - Snap shot by Nils Aman.
19:27 of 3rd period - Stopped by Jet Greaves without a rebound.
19:28 of 3rd period - Dan Muse call a timeout for Canucks.
19:28 of 3rd period - Nils Aman wins face-off versus Vinnie Hinostroza in Reign zone.
19:31 of 3rd period - Snap shot by Nils Aman.
19:31 of 3rd period - Stopped by Jet Greaves without a rebound.
19:32 of 3rd period - Vinnie Hinostroza wins face-off versus Nils Aman in Reign zone.
19:39 of 3rd period - Wrist shot by Vinnie Hinostroza.
19:39 of 3rd period - Goal by Vinnie Hinostroza - Canucks : 3 - Reign : 5.
19:39 of 3rd period - Carl Lindbom from Canucks was sent back in the game.
19:40 of 3rd period - Jared Davidson wins face-off versus Andreas Athanasiou in neutral zone.
Goals for this period are 2 for Canucks vs 4 for Reign.
Shots for this period are 22 for Canucks vs 8 for Reign.